 Dungeon Crawl Stone Soup version 0.29.0-13-gc9e81de378 (webtiles) character file.

Game seed: 5682520228220508907

23 SnakkuSnakku7 the Firebug (level 2, 0/19 HPs)
             Began as a Demonspawn Fire Elementalist on Sept 9, 2022.
             Slain by an orc
             ... wielding a +2 whip of draining
              (8 damage)
             ... on level 2 of the Dungeon.
             The game lasted 00:01:30 (797 turns).

SnakkuSnakku7 the Firebug (DsFE)                     Turns: 797, Time: 00:01:31

Health: 0/19       AC:  2    Str:  8    XL:     2   Next: 75%
Magic:  1/5        EV: 12    Int: 16    God:
Gold:   15         SH:  0    Dex: 13    Spells: 2/5 levels left

rFire   . . .      SeeInvis .   c - +0 quarterstaff
rCold   . . .      Faith    .   (shield currently unavailable)
rNeg    . . .      Spirit   .   a - +0 robe
rPois   .          Reflect  .   (no helmet)
rElec   .          Harm     .   (no cloak)
rCorr   .          Rampage  .   (no gloves)
Will    .....                   (no boots)
Stlth   ++........              (no amulet)
HPRegen 0.06/turn               (no ring)
MPRegen 0.09/turn               (no ring)

@: no status effects
A: ignite blood 1
a: no special abilities


You were on level 2 of the Dungeon.
You visited 1 branch of the dungeon, and saw 2 of its levels.

You collected 15 gold pieces.

Inventory:

Hand Weapons
 c - a +0 quarterstaff (weapon)
Armour
 a - a +0 robe (worn)
Scrolls
 d - 4 scrolls of acquirement {unknown}
 e - a scroll of amnesia {unknown}
Potions
 b - a potion of magic
 f - a potion of brilliance {unknown}


   Skills:
 - Level 1.7 Dodging
 - Level 1.7 Stealth
 - Level 2.0 Spellcasting
 + Level 2.0 Conjurations
 + Level 3.2 Fire Magic


You had 2 spell levels left.
You knew the following spells:

 Your Spells              Type           Power      Damage    Failure   Level
a - Foxfire               Conj/Fire      40%        2x1d6     7%          1
b - Scorch                Fire           24%        2d6       9%          2

Your spell library contained the following spells:

 Spells                   Type           Power      Damage    Failure   Level
 Sting                    Tmut/Pois      4%         1d3       21%         1
 Poisonous Vapours        Pois/Air       2%         N/A       30%         2
 Conjure Flame            Conj/Fire      10%        6-21      22%         3
 Inner Flame              Hex/Fire       6%         N/A       32%         3
 Flame Wave               Conj/Fire      10%        2d6       56%         4
 Olgreb's Toxic Radiance  Pois           1%         N/A       90%         4


Dungeon Overview and Level Annotations

Branches:
Dungeon (2/15)

Altars:

Shops:
D:2 (([


Innate Abilities, Weirdness & Mutations

Your demonic aura sometimes causes spilled blood to erupt in flames.


Message History

You closely miss the ball python.
The ball python bites you but does no damage.
The ball python constricts you.
You hit the ball python.
You kill the ball python!
Casting: Scorch (safe; 9% risk of failure)
Press: ? - help, Q - select action, (/) - cycle Dir - look around, f - activate Nothing appears to happen.
Unknown command.
You start resting.
An orc is nearby!
Casting: Scorch (safe; 9% risk of failure)
Press: ? - help, Q - select action, (/) - cycle Dir - look around, f - activate
Okay, then.
An orc comes into view. It is wielding a +0 falchion.
Casting: Scorch (safe; 9% risk of failure)
Press: ? - help, Q - select action, (/) - cycle Dir - look around, f - activate Flames lash the orc.
The orc shouts!
The orc is severely wounded.
The orc's fire resistance burns away.
The orc shouts!
Casting: Scorch (safe; 9% risk of failure)
Press: ? - help, Q - select action, (/) - cycle Dir - look around, f - activate Nothing appears to happen.
Unknown command.
You don't have enough magic to cast this spell.
Unknown command.
Unknown command.
Unknown command.
You hit the orc but do no damage.
The orc is severely wounded.
The orc barely misses you.
You hit the orc.
The orc is almost dead.
You closely miss the orc.
The orc is almost dead.
The orc is no longer more vulnerable to fire.
The orc hits you with a +2 whip of draining!
You die...

## #.. ##.# .. #.## #..
##### ###.##..######.#
#...#
.....[......##.#####†#.#
$.......♣......††...>#.#
...[.$.....†..####...#.#
..###..♣∩♣.......#...#.#
##...#.#..##<....#.#
#.#♣#.##@o###...#.# #.
#.###o# #...#.# #. ..#
.......#.# .. #..
.#######.# .. ..# .#
##.# .. .# #..# .. #.##
.. #.# #.#


You could see 2 orcs.

Vanquished Creatures
  A bat (D:1)
  2 endoplasms (D:1)
  A giant cockroach (D:1)
  3 goblins (D:1)
  A hobgoblin (D:1)
  4 jackals (D:2)
  A ball python (D:2)
  A frilled lizard (D:1)
  A kobold (D:1)
  7 rats
22 creatures vanquished.

Vanquished Creatures (others)
  20 foxfires (D:1)
20 creatures vanquished.

Grand Total: 42 creatures vanquished

Notes
Turn   | Place    | Note
-------+----------+-------------------------------------------
     0 | D:1      | SnakkuSnakku7 the Demonspawn Fire Elementalist began the
                  | quest for the Orb.
     0 | D:1      | Reached XP level 1. HP: 13/13 MP: 3/3
   159 | D:1      | Reached skill level 3 in Fire Magic
   171 | D:1      | Gained mutation: Your demonic aura sometimes causes spilled
                  | blood to erupt in flames. [demonic ancestry]
   171 | D:1      | Reached XP level 2. HP: 18/19 MP: 1/5
   326 | D:1      | Found a faded altar of an unknown god.
   620 | D:2      | Found Ylizaesa's Antique Armour Emporium.
   620 | D:2      | Found Xacko's Weapon Emporium.
   665 | D:2      | Learned a level 2 spell: Scorch
   682 | D:2      | Found Yvvoh's Antique Weapon Boutique.
   797 | D:2      | Slain by an orc

Illustrated notes

Levels and vault maps discovered:
D:1:      amcnicky_arrival_double_pillar, layout_basic,
          dreamdust_ecumenical_altar_angels_and_demons
D:2:      layout_rooms, serial_shops, shop, nicolae_shop_window_shopping,
          nicolae_shop_trees, chequers_serial_rivers_marsh,
          kennysheep_generic_room_14

Skill      XL: |  1  2 |
---------------+-------+-----
Fire Magic     | 3 |  3.2
Conjurations   | 2 |  2.0
Dodging        | |  1.7
Stealth        | |  1.7
Spellcasting   | |  2.0

Action                   || total
-------------------------++-------
Melee: Quarterstaff      ||    44
       Unarmed           ||     1
 Cast: Foxfire           ||    12
       Scorch            ||     6
Armor: Robe              ||    15
Dodge: Dodged            ||    39
